 Dungeon Crawl Stone Soup version 0.28.0-53-g5a82cb258f (webtiles) character file.

Game seed: 7230596171346470349

40 H0rd4k the Charlatan (level 3, -2/26 HPs)
             Began as a Human Artificer on July 21, 2022.
             Slain by a bullfrog (5 damage)
             ... on level 4 of the Dungeon.
             The game lasted 00:01:32 (2484 turns).

H0rd4k the Charlatan (Human Artificer)              Turns: 2484, Time: 00:01:33

Health: -2/26      AC:  3    Str: 12    XL:     3   Next: 72%
Magic:  3/3        EV: 11    Int: 13    God:
Gold:   38         SH:  0    Dex: 13    Spells: 2/2 levels left

rFire   . . .      SeeInvis .   a - +0 club
rCold   . . .      Faith    .   (no shield)
rNeg    . . .      Spirit   .   b - +0 leather armour
rPois   .          Reflect  .   (no helmet)
rElec   .          Harm     .   (no cloak)
rCorr   .          Rampage  .   (no gloves)
Will    .....                   (no boots)
Stlth   +.........              h - amulet of magic regeneration
HPRegen 0.08/turn               (no ring)
MPRegen 0.48/turn               (no ring)

@: no status effects
A: no striking features
a: no special abilities


You were on level 4 of the Dungeon.
You visited 1 branch of the dungeon, and saw 3 of its levels.

You collected 38 gold pieces.

Inventory:

Hand Weapons
 a - a +0 club (weapon)
Missiles
 l - 8 poisoned darts (quivered)
Armour
 b - a +0 leather armour (worn)
Jewellery
 h - an amulet of magic regeneration (around neck)
Wands
 c - a wand of flame (9)
 d - a wand of charming (13)
Scrolls
 i - 2 scrolls of identify {unknown}
 j - a scroll of fear {unknown}
 k - a scroll of blinking {unknown}
Potions
 f - a potion of mutation {unknown}
 g - 2 potions of brilliance {unknown}
 m - a potion of curing {unknown}
Miscellaneous
 e - a piece from Xom's chessboard (15/15)


   Skills:
 + Level 1.3 Fighting
 + Level 0.3 Maces & Flails
 - Level 2.0 Armour
 + Level 1.5 Dodging
 - Level 1.0 Stealth
 + Level 4.0 Evocations


You had 2 spell levels left.
You didn't know any spells.
Your spell library contained the following spells:

 Spells                   Type           Power      Damage    Failure   Level
 Gell's Gravitas          Tloc           0%         N/A       75%         3
 Lesser Beckoning         Tloc           0%         N/A       75%         3
 Teleport Other           Tloc           0%         N/A       75%         3


Dungeon Overview and Level Annotations

Branches:
Dungeon (2/15)

Altars:


Message History

Found a stone staircase leading down.
A kobold comes into view.
It is wielding a +0 whip and quivering poisoned darts.
Found 27 bolts.
You hit the kobold.
The kobold is severely wounded.
The kobold barely misses you.
You hit the kobold.
You kill the kobold!
l - 8 poisoned darts (gained 5)
Things that are here:
a +0 whip; a kobold corpse
m - a puce potion You see here 27 bolts.
Found 18 gold pieces.
Found 8 gold pieces.
A bullfrog comes into view.
The bullfrog croaks.
You hear a shout!
The bullfrog hits you!
Aiming: Throw Flame
Press: ? - help, Shift-Dir - straight line, f - bullfrog
Aim: a bullfrog (64% to hit)
The puff of flame hits the bullfrog.
The bullfrog is lightly wounded.
The bullfrog hits you! The bullfrog barely misses you.
Unknown command.
Aiming: Throw Flame
Press: ? - help, Shift-Dir - straight line, f/p - bullfrog
Aim: a bullfrog (lightly wounded, 64% to hit)
The puff of flame hits the bullfrog!
The bullfrog is heavily wounded.
The bullfrog hits you.
* * * LOW HITPOINT WARNING * * *
Aiming: Throw Flame
Press: ? - help, Shift-Dir - straight line, f/p - bullfrog
Aim: a bullfrog (heavily wounded, 64% to hit)
The puff of flame hits the bullfrog.
The bullfrog is almost dead.
The bullfrog swells and bulges.
The bullfrog barely misses you. The bullfrog hits you.
You die...

#....# #....# #....#
#....# #####
##....#########....
#..................
###.###..............
.###...###..............
.......@F...............
##..#...##..............
#..######..###########
## #....#.........
.....#.########
...#...(.....
..######..... #.#### #.#


You could see a bullfrog.

Vanquished Creatures
  An adder (D:4)
  A dart slug (D:1)
  3 ball pythons (D:1)
  2 endoplasms (D:1)
  2 giant cockroaches (D:1)
  2 goblins (D:1)
  3 hobgoblins (D:1)
  3 jackals (D:1)
  3 kobolds
  A quokka (D:1)
  2 bats
  4 rats (D:1)
27 creatures vanquished.

Vanquished Creatures (others)
  2 rats (D:1)
  A fungus (D:1)
3 creatures vanquished.

Grand Total: 30 creatures vanquished

Notes
Turn   | Place    | Note
-------+----------+-------------------------------------------
     0 | D:1      | H0rd4k the Human Artificer began the quest for the Orb.
     0 | D:1      | Reached XP level 1. HP: 15/15 MP: 1/1
   385 | D:1      | Reached XP level 2. HP: 14/21 MP: 2/2
  1365 | D:1      | Reached XP level 3. HP: 23/26 MP: 3/3
  2390 | D:2      | You fall into a shaft and drop 2 floors!
  2402 | D:4      | Reached skill level 4 in Evocations
  2468 | D:4      | Noticed a bullfrog
  2484 | D:4      | Slain by a bullfrog

Illustrated notes

Levels and vault maps discovered:
D:1:      dpeg_cavernosity, layout_basic
D:2:      minmay_general_purpose_star, layout_basic, chequers_mini_garden,
          uniq_terence
D:4:      layout_basic, vehumet_altar_wand_db, minmay_temple_entry_wispy,
          uniq_robin, uniq_pikel

Skill      XL: |  1  2  3 |
---------------+----------+-----
Evocations     | 4 |  4.0
Fighting       | |  1.3
Maces & Flails | |  0.3
Armour         | |  2.0
Dodging        | |  1.5
Stealth        | |  1.0

Action                   || total
-------------------------++-------
Melee: Club              ||   113
Evoke: Wand              ||     8
 Stab: Sleeping          ||     5
Armor: Leather armour    ||    37
Dodge: Dodged            ||    77
